 Dungeon Crawl Stone Soup version 0.30.1-11-g7821555f0a (webtiles) character file.

Game seed: 13212513658722128783

1206 Okkudo the Cleaver (level 8, -2/74 HPs)
             Began as a Hill Orc Monk on Nov 28, 2023.
             Shot with a bolt by an orc warrior (6 damage)
             ... on level 5 of the Dungeon.
             The game lasted 00:18:45 (6198 turns).

Okkudo the Cleaver (Hill Orc Monk)                  Turns: 6198, Time: 00:18:46

Health: -2/74      AC:  6    Str: 22    XL:     8   Next: 45%
Magic:  8/8        EV: 12    Int: 10    God:
Gold:   249        SH:  4    Dex: 13    Spells: 7/7 levels left

rFire   . . .        d - +0 war axe
rCold   . . .        n - +0 buckler
rNeg    . . .        i - +0 ring mail
rPois   .            (no helmet)
rElec   .            (no cloak)
rCorr   .            F - +0 pair of gloves
SInv    .            (no boots)
Will    .....        (no amulet)
Stlth   +            j - +6 ring of strength
HPRegen 0.32/turn    (no ring)
MPRegen 0.11/turn

%: no passive effects
@: no status effects
A: no striking features
a: no special abilities


You were on level 5 of the Dungeon.
You visited 1 branch of the dungeon, and saw 6 of its levels.

You collected 353 gold pieces.
You spent 104 gold pieces at shops.

Inventory:

Hand Weapons
 d - a +0 war axe (weapon)
Missiles
 l - 19 poisoned darts (quivered)
Armour
 i - a +0 ring mail (worn)
 n - a +0 buckler (worn)
 o - the +1 Delatra's gloves {ID++}
   (You found it on level 2 of the Dungeon)

   ID++:      It heals its wearer when they drink unknown potions, and restores
   their MP when they read unknown scrolls.
 F - a +0 pair of gloves (worn)
Jewellery
 j - a +6 ring of strength (left hand)
 G - a ring of wizardry
Wands
 r - a wand of charming (15)
 E - a wand of flame (22)
Scrolls
 a - a scroll of immolation
 e - 3 scrolls of poison
 g - 2 scrolls of noise
 h - a scroll of summoning
 k - a scroll of enchant armour {unknown}
 m - a scroll of teleportation {unknown}
 p - 4 scrolls of enchant weapon {unknown}
 s - 4 scrolls of fog {unknown}
 v - a scroll of fear {unknown}
 y - 3 scrolls of vulnerability
 C - a scroll of brand weapon
 I - 2 scrolls of acquirement {unknown}
Potions
 b - a potion of might {unknown}
 c - 4 potions of ambrosia
 f - 2 potions of attraction {unknown}
 t - a potion of resistance {unknown}
 u - a potion of berserk rage {unknown}
 w - 3 potions of degeneration {unknown}
 x - a potion of invisibility {unknown}
 z - 3 potions of mutation {unknown}
 A - a potion of heal wounds {unknown}
 B - 3 potions of curing
 D - a potion of magic {unknown}
 H - 2 potions of haste {unknown}


   Skills:
 * Level 7.6 Fighting
 * Level 8.5 Axes
 + Level 1.5 Armour
 - Level 4.8 Dodging
 + Level 1.6 Shields


You had 7 spell levels left.
You didn't know any spells.
Your spell library contained the following spells:

 Spells                   Type           Power      Damage    Failure   Level
 Shock                    Conj/Air       0%         1d3       58%         1
 Swiftness                Air            0%         N/A       92%         3
 Airstrike                Air            0%         2d(0-16)  100%        4
 Malign Gateway           Summ/Tloc      0%         N/A       100%        7
 Summon Horrible Things   Summ           0%         N/A       100%        8


Dungeon Overview and Level Annotations

Branches:
Dungeon (6/15)             Temple (0/1) D:5

Altars:
Kikubaaqudgha
Nemelex Xobeh
Okawaru
Zin

Shops:
D:3 ?


Message History

You barely miss the black bear.
The orc wizard hits you but does no damage.
You block the black bear's attack.
The black bear claws you but does no damage.
The black bear closely misses you. The orc warrior barely misses you.
You hit the orc wizard.
The orc wizard is severely wounded.
You completely miss the black bear.
You hit the orc warrior but do no damage.
The orc wizard hits you with a +0 dagger.
The black bear bites you. The black bear barely misses you.
The black bear claws you.
The orc warrior hits you with a +0 flail.
* * * LOW HITPOINT WARNING * * *
The black bear barely misses you. The black bear claws you.
* * * LOW HITPOINT WARNING * * *
The black bear claws you.
* * * LOW HITPOINT WARNING * * *
The orc wizard barely misses you.
The orc warrior hits you with a +0 flail.
* * * LOW HITPOINT WARNING * * *
The orc wizard gestures at you while chanting.
You resist with some effort. The black bear misses you.
The black bear claws you.
* * * LOW HITPOINT WARNING * * *
The black bear closely misses you.
You climb upwards.
There is a stone staircase leading down here.
You hit the orc wizard.
You kill the orc wizard!
You closely miss the orc warrior. The orc warrior closely misses you.
The orc warrior attacks as you move away!
The orc warrior hits you with a +0 flail!
* * * LOW HITPOINT WARNING * * *
The orc warrior unwields a +0 flail.
The orc warrior wields a +0 arbalest.
The orc warrior shoots a bolt.
You block the bolt.
Things that are here:
a +0 dagger; a +0 robe; an orc corpse The orc warrior shoots a bolt.
The bolt hits you.
You die...

#.................#
#....#.....#.###..####
######.##.#.###.#.# #.)....
#...(..##.#.# #...###.#####
#.####.##h#.###.#.##)..#
#.# #.##o#.....#>#....#
#.####.##>###.###.#....#
#...##.##)###.# #.#.####
###.##.##.@...###.#.#######
#.##.##..#####.......##..
#.##.##.......(..........
#.##.##..)####.#.....##.#
#.##.##...#...###.....#.#
#.##........##.#......#.#
#.#####...####..........#
#.# #...####........... #.#
#......<.....#.#.##


You could see an orc warrior and a black bear.

Vanquished Creatures
  Pikel (D:4)
  An ice beast (D:5)
  An ogre (D:4)
  3 scorpions
  4 hounds
  Jessica (D:3)
  2 iguanas
  2 orc wizards
  6 adders
  4 gnolls (D:3)
  2 ufetubi
  5 dart slugs
  11 orcs
  3 endoplasms
  2 giant cockroaches
  6 goblins
  4 hobgoblins
  2 jackals (D:4)
  5 kobolds
  4 quokkas
  2 ball pythons
  6 bats
  4 frilled lizards
  5 rats
86 creatures vanquished.

Notes
Turn   | Place    | Note
-------+----------+-------------------------------------------
     0 | D:1      | Okkudo the Hill Orc Monk began the quest for the Orb.
     0 | D:1      | Reached XP level 1. HP: 19/19 MP: 1/1
   276 | D:1      | Reached XP level 2. HP: 27/27 MP: 2/2
  1152 | D:2      | Reached XP level 3. HP: 33/33 MP: 3/3
  1226 | D:2      | Found the +1 Delatra's gloves {ID++}
  1383 | D:2      | Found a faded altar of an unknown god.
  1389 | D:2      | Reached XP level 4. HP: 36/41 MP: 4/4
  1499 | D:2      | Reached skill level 5 in Axes
  2018 | D:3      | Reached XP level 5. HP: 28/47 MP: 5/5
  2219 | D:3      | Found a glowing silver altar of Zin.
  2322 | D:3      | Reached skill level 5 in Fighting
  2394 | D:3      | Noticed Jessica
  2414 | D:3      | Killed Jessica
  2709 | D:3      | Found Tuempay's Magic Scroll Emporium.
  2716 | D:3      | Bought a scroll of brand weapon for 104 gold pieces
  3198 | D:4      | Noticed an ogre
  3218 | D:5      | Entered Level 5 of the Dungeon
  3347 | D:4      | Killed an ogre
  3348 | D:4      | Reached skill level 6 in Axes
  3348 | D:4      | Reached XP level 6. HP: 8/56 MP: 6/6
  3671 | D:4      | Found a sparkling altar of Nemelex Xobeh.
  3671 | D:4      | Found an ancient bone altar of Kikubaaqudgha.
  4193 | D:4      | Noticed Pikel
  4233 | D:4      | Killed Pikel
  4234 | D:4      | Reached skill level 7 in Axes
  4234 | D:4      | Reached XP level 7. HP: 25/64 MP: 7/7
  4804 | D:5      | Reached XP level 8. HP: 44/73 MP: 8/8
  5286 | D:5      | Reached skill level 8 in Axes
  5330 | D:5      | Found a staircase to the Ecumenical Temple.
  5450 | D:5      | Found an iron altar of Okawaru.
  5470 | D:5      | Reached skill level 1 in Shields
  5616 | D:6      | Reached skill level 1 in Armour
  6198 | D:5      | Shot with a bolt by an orc warrior

Illustrated notes

Levels and vault maps discovered:
D:1:      onia_arrival_mini_spirals, layout_basic, serial_bayou_pond_a,
          minmay_misc_feat_pillars, minmay_split_cup_small
D:2:      layout_loops_cross, basic_ecumenical_altar, pf_guarded_unrand_delatra
D:3:      layout_loops_corners, zin_statuary, serial_shops, shop,
          kennysheep_doodads, nicolae_eternal_life, uniq_jessica
D:4:      layout_layer_cave, gammafunk_temple_overflow_pools,
          nrook_mini_backslash, chequers_serial_rivers_room_b, uniq_pikel
D:5:      layout_loops_ring, okawaru_gym_becter,
          minmay_temple_entry_antechambers
D:6:      layout_loops_ring

Skill      XL: |  1  2  3  4  5  6  7  8 |
---------------+-------------------------+-----
Fighting       | 4 5 6 7 |  7.6
Dodging        | 3 4 |  4.8
Axes           | 5 6 7 8 |  8.5
Shields        | 1 |  1.6
Armour         | 1 |  1.5

Action                     |  1- 3 |  4- 6 |  7- 9 || total
---------------------------+-------+-------+-------++-------
  Melee: Hand axe          |    81 |       |       ||    81
         War axe           |     5 |   144 |    85 ||   234
  Throw: Dart              |       |     1 |       ||     1
    Use: Potion            |     1 |     1 |       ||     2
         Scroll            |       |     4 |     3 ||     7
 Armour: Robe              |     7 |       |       ||     7
         Ring mail         |    22 |    60 |    28 ||   110
  Dodge: Dodged            |    52 |    95 |    67 ||   214
  Block: Buckler           |     4 |    19 |    14 ||    37
